 Dungeon Crawl Stone Soup version 0.27.1-2-g3b301248ec (webtiles) character file.

Game seed: 13640251301498050642

216 DoubleLucky the Magician (level 5, -1/30 HPs)
             Began as a Deep Elf Fire Elementalist on Sept 25, 2021.
             Slain by Edmund (11 damage)
             ... on level 3 of the Dungeon.
             The game lasted 00:12:14 (3255 turns).

DoubleLucky the Magician (DEFE)                     Turns: 3255, Time: 00:12:15

Health: -1/30      AC:  3    Str:  6    XL:     5   Next: 61%
Magic:  10/14      EV: 12    Int: 20    God:
Gold:   159        SH:  0    Dex: 15    Spells: 12/13 levels left

rFire    . . .     SeeInvis .   h - +6 dagger (drain)
rCold    . . .     Faith    .   (no shield)
rNeg     . . .     Spirit   .   a - +0 robe
rPois    .         Reflect  .   (no helmet)
rElec    .         Harm     .   k - +0 cloak
rCorr    .         Rampage  .   (no gloves)
Will     .....                  (no boots)
Stlth    ++........             (no amulet)
HPRegen  0.10/turn              (no ring)
MPRegen  0.14/turn              (no ring)

@: no status effects
A: no striking features
a: no special abilities


You were on level 3 of the Dungeon.
You visited 1 branch of the dungeon, and saw 4 of its levels.

You collected 159 gold pieces.

Inventory:

Hand Weapons
 b - a +1 vorpal hunting sling
 h - a +6 dagger of draining (weapon)
Missiles
 c - 9 poisoned darts
 o - 11 stones
Armour
 a - a +0 robe (worn)
 k - a +0 cloak (worn)
Wands
 i - a wand of iceblast (11)
Scrolls
 g - a scroll of immolation {unknown}
 j - a scroll of fear {unknown}
 l - a scroll of teleportation {unknown}
 n - a scroll of summoning {unknown}
Potions
 d - a potion of attraction {unknown}
 f - a potion of ambrosia {unknown}
 m - a potion of heal wounds


   Skills:
 + Level 2.0 Fighting
 - Level 2.4 Dodging
 - Level 2.4 Stealth
 + Level 4.7 Spellcasting
 + Level 3.2 Conjurations
 + Level 4.4 Fire Magic


You had 12 spell levels left.
You knew the following spells:

 Your Spells              Type           Power      Damage    Failure   Level
a - Foxfire               Conj/Fire      80%        2x1d8     2%          1

Your spell library contained the following spells:

 Spells                   Type           Power      Damage    Failure   Level
 Conjure Flame            Conj/Fire      20%        6-21      8%          3
 Sandblast                Erth           8%         2d5       12%         1
 Inner Flame              Hex/Fire       13%        N/A       14%         3
 Passwall                 Tmut/Erth      3%         N/A       19%         2
 Sticky Flame             Conj/Fire      20%        2d4       24%         4
 Fireball                 Conj/Fire      10%        3d6       56%         5
 Lee's Rapid Deconstruct  Erth           2%         3d5*      97%         5


Dungeon Overview and Level Annotations

Branches:
Dungeon (4/15)
 Temple: D:4-7

Altars:

Annotations:
D:3 Edmund


Message History

Confirm with . or Enter, or press ? or * to list all spells.
You conjure some foxfire!
The foxfire hits Edmund but does no damage.
Edmund is heavily wounded.
The foxfire hits Edmund but does no damage.
Edmund is heavily wounded.
Casting: Foxfire (safe; 2% risk of failure)
Confirm with . or Enter, or press ? or * to list all spells.
You conjure some foxfire!
The foxfire hits Edmund but does no damage.
Edmund is moderately wounded.
The foxfire hits Edmund.
Edmund is heavily wounded.
Edmund whines, "My parents never had time for me!"
Casting: Foxfire (safe; 2% risk of failure)
Confirm with . or Enter, or press ? or * to list all spells.
You conjure some foxfire!
Edmund hits you with a +0 flail of venom!
* * * LOW HITPOINT WARNING * * *
You are lethally poisoned!
* * * LOW HITPOINT WARNING * * *
You feel very sick.
The foxfire hits Edmund.
Edmund is heavily wounded.
The foxfire hits Edmund.
Edmund is heavily wounded.
Okay, then.
You feel better.
Edmund hits you with a +0 flail of venom!
* * * LOW HITPOINT WARNING * * *
You are lethally poisoned!
You feel better.
Edmund hits you with a +0 flail of venom.
* * * LOW HITPOINT WARNING * * *
You are lethally poisoned!
* * * LOW HITPOINT WARNING * * *
You feel sick.
You feel better.
Edmund hits you with a +0 flail of venom!
You die...

.##.##...'...##...........#...#..
....#...#'#...#.............#....
....'⌠.##.##.⌠+..................
....#.##...##.#.............###..
##..###.....###.#...........###..
##..##.......##.................#
....#.........#...........#.####.
................#...........###..
####...........@@...........##...
#.............#...........##...
#.#............................
###'''###.####........)..>##...
##§.....≈##.###...........###...
##.§.......####..##..............
#...........###.####.........#...
...≈≈§§§§≈...##.####...........>.
..≈≈≈§§≈≈≈§§.§##..##.........#...


You could see Edmund.

Vanquished Creatures
  Jessica (D:3)
  Natasha (thrice) (D:3)
  A hound skeleton (D:4)
  An adder (D:3)
  2 ufetubi (D:4)
  2 worms (D:2)
  2 dart slugs (D:2)
  8 orcs (D:4)
  2 endoplasms (D:2)
  3 giant cockroaches (D:2)
  4 goblins
  7 hobgoblins
  5 quokkas
  6 ball pythons
  5 bats
  2 frilled lizards
  A jackal skeleton (D:4)
  8 kobolds
  A quokka skeleton (D:4)
  4 rats
68 creatures vanquished.

Vanquished Creatures (others)
  233 foxfires
233 creatures vanquished.

Grand Total: 301 creatures vanquished

Notes
Turn   | Place    | Note
-------+----------+-------------------------------------------
     0 | D:1      | DoubleLucky the Deep Elf Fire Elementalist began the quest
                  | for the Orb.
     0 | D:1      | Reached XP level 1. HP: 10/10 MP: 6/6
   736 | D:2      | Reached XP level 2. HP: 16/16 MP: 5/8
  1044 | D:2      | Reached XP level 3. HP: 20/20 MP: 2/10
  1202 | D:2      | Found a faded altar of an unknown god.
  1320 | D:2      | You fall into a shaft and drop 2 floors!
  1443 | D:4      | Reached skill level 1 in Fighting
  1852 | D:3      | Noticed Natasha
  1857 | D:3      | Killed Natasha
  1858 | D:3      | Reached XP level 4. HP: 25/25 MP: 6/12
  1959 | D:3      | Noticed Natasha
  1963 | D:3      | Killed Natasha
  2074 | D:3      | Noticed Natasha
  2089 | D:3      | Killed Natasha
  2090 | D:3      | Reached XP level 5. HP: 13/30 MP: 6/13
  2603 | D:2      | You fall into a shaft and drop 2 floors!
  2880 | D:3      | Noticed Jessica
  2896 | D:3      | Killed Jessica
  3200 | D:4      | Noticed Edmund
  3255 | D:3      | Slain by Edmund

Illustrated notes

Levels and vault maps discovered:
D:1:      moated_graveyard_arrival, layout_basic
D:2:      layout_rooms, shapermc_ecumenical_altar_starsandcircs, st_stairs_5,
          minmay_tetromino_i2
D:3:      layout_rooms, grunt_decor_arrowhead, kennysheep_donut, uniq_natasha,
          uniq_jessica
D:4:      layout_rooms, uniq_edmund

Skill      XL: |  1  2  3  4  5 |
---------------+----------------+-----
Conjurations   | 2 3 |  3.2
Fighting       | 1 2 |  2.0
Spellcasting   | 4 |  4.7
Fire Magic     | 4 |  4.4
Dodging        | |  2.4
Stealth        | |  2.4

Action                   |  1- 3 |  4- 6 || total
-------------------------+-------+-------++-------
Melee: Dagger            |     7 |    10 ||    17
 Cast: Foxfire           |    73 |    64 ||   137
  Use: Scroll            |       |     3 ||     3
       Potion            |       |     3 ||     3
 Stab: Distracted        |     1 |       ||     1
Armor: Robe              |     2 |     8 ||    10
Dodge: Dodged            |     5 |    16 ||    21
